AoeStats
← dean

Arena

510768241Analyzed
4v4 RM · 1d ago on Oct 2, 2026· 72m 31s· 8 players
Game mode
Random Map
Map size
Large (8 player)
Population
200
Speed
Normal
Resources
Standard
Victory
Conquest
Starting age
Dark Age
Ending age
Imperial Age
RankedLock teamsTeams togetherTeam positionsShared explorationLock speedFull tech treeHidden civsTurbo modeCheats
Victory
Defeat
🇺🇸 Burgundians · United States
894
+16
🇭🇺 Vietnamese · Hungary
887
+16
🇨🇳 Byzantines · China
887
+16
🇯🇵 Teutons · Japan
861
+17
🇨🇳 Britons · China
934
-18
🇲🇽 Saracens · Mexico
886
-16
🇨🇳 Bohemians · China
873
-16
🇪🇸 Franks · Spain
853
-15
anaorh99
11:34 Feudal Age
16:09 Castle Age
14:38 Double-Bit Axe
14:42 Horse Collar
15:46 Gold Mining
17:30 Bow Saw
19:06 Bloodlines
25:10 Wheelbarrow
24:20 Town Watch
25:38 Stone Mining
30:29 Imperial Age
29:34 Scale Barding Armor
29:40 Forging
31:35 Hand Cart
31:20 Town Patrol
31:09 Loom
33:34 Heavy Plow
34:22 Chain Barding Armor
34:37 Iron Casting
34:02 Scale Mail Armor
34:28 Fortified Wall
34:44 Pikeman
35:25 Squires
35:10 Gambesons
35:11 Arson
35:24 Cavalier
35:52 Halberdier
37:16 Chain Mail Armor
38:01 Blast Furnace
37:37 Plate Barding Armor
38:06 Guilds
39:06 Stone Shaft Mining
40:34 Plate Mail Armor
43:26 Elite Teutonic Knight
46:58 Crenellations
50:24 Paladin
51:48 Conscription
63:06 Hoardings
64:14 Ironclad
72:59 Two-Man Saw
QQAQ
11:16 Feudal Age
12:38 Double-Bit Axe
15:42 Castle Age
18:01 Bow Saw
23:31 Wheelbarrow
27:49 Imperial Age
25:44 Hand Cart
25:45 Murder Holes
25:31 Treadmill Crane
25:41 Loom
29:31 Horse Collar
31:40 Chemistry
31:23 Heavy Plow
31:31 Elite Skirmisher
34:02 Two-Man Saw
32:50 Imperial Skirmisher
33:33 Gold Mining
34:31 Ballistics
35:02 Capped Ram
35:03 Onager
36:14 Logistica
36:54 Fortified Wall
36:21 Pikeman
37:02 Squires
37:05 Halberdier
37:56 Scale Barding Armor
38:11 Forging
40:02 Crop Rotation
40:13 Iron Casting
39:58 Chain Barding Armor
41:06 Conscription
42:14 Arson
41:51 Elite Varangian Guard
44:50 Plate Barding Armor
44:06 Fletching
44:16 Padded Archer Armor
44:17 Scale Mail Armor
45:22 Thumb Ring
44:37 Crossbowman
45:30 Husbandry
44:51 Cavalier
46:29 Paladin
48:20 Hoardings
48:47 Chain Mail Armor
48:28 Bodkin Arrow
48:49 Leather Archer Armor
50:01 Caravan
51:09 Gold Shaft Mining
50:25 Stone Mining
51:13 Plate Mail Armor
51:46 Elite Cataphract
55:03 Light Cavalry
56:14 Arbalester
56:18 Heavy Cavalry Archer
56:49 Hussar
dean
11:09 Feudal Age
11:00 Double-Bit Axe
10:57 Horse Collar
12:10 Bow Saw
16:30 Castle Age
15:20 Heavy Plow
23:11 Husbandry
23:18 Scale Barding Armor
25:05 Cavalier
26:07 Stone Mining
26:09 Gold Mining
27:23 Two-Man Saw
29:00 Chain Barding Armor
31:07 Loom
32:57 Forging
35:14 Iron Casting
38:34 Imperial Age
38:40 Imperial Age
36:51 Wheelbarrow
38:38 Gold Shaft Mining
38:46 Burgundian Vineyards
40:35 Paladin
42:01 Elite Skirmisher
42:33 Fletching
43:21 Plate Barding Armor
42:37 Fletching
42:47 Padded Archer Armor
44:38 Imperial Skirmisher
45:25 Herbal Medicine
48:08 Bodkin Arrow
48:29 Leather Archer Armor
50:35 Ballistics
50:17 Bracer
51:20 Chemistry
56:09 Blast Furnace
64:46 Sappers
68:49 Conscription
HEAVY BACK DAY
11:10 Feudal Age
11:51 Double-Bit Axe
11:48 Horse Collar
19:52 Castle Age
18:15 Fletching
18:34 Loom
21:33 Elite Skirmisher
24:47 Ballistics
24:57 Bow Saw
28:47 Heavy Plow
31:32 Wheelbarrow
30:56 Bodkin Arrow
31:04 Scale Mail Armor
31:15 Forging
31:09 Padded Archer Armor
31:21 Forging
35:40 Imperial Age
34:51 Hand Cart
37:44 Chemistry
36:09 Imperial Skirmisher
36:54 Bracer
37:10 Leather Archer Armor
39:01 Two-Man Saw
37:56 Gold Mining
37:56 Stone Mining
VicRoldanG
1:07 Loom
11:59 Feudal Age
12:53 Double-Bit Axe
16:06 Castle Age
13:59 Horse Collar
14:56 Gold Mining
17:17 Wheelbarrow
17:35 Bow Saw
22:37 Heavy Plow
24:18 Husbandry
24:38 Scale Barding Armor
26:18 Forging
27:46 Bloodlines
28:17 Hand Cart
29:45 Town Watch
30:26 Stone Mining
32:58 Gold Shaft Mining
36:36 Imperial Age
34:26 Light Cavalry
39:52 Conscription
40:26 Chain Barding Armor
42:31 Iron Casting
42:34 Elite Mameluke
42:40 Hussar
43:47 Town Patrol
44:02 Counterweights
45:00 Plate Barding Armor
45:53 Arson
45:55 Gambesons
46:11 Squires
45:31 Man-at-Arms
46:14 Scale Mail Armor
46:19 Long Swordsman
47:08 Two-Handed Swordsman
49:27 Chain Mail Armor
50:53 Blast Furnace
50:30 Champion
52:37 Plate Mail Armor
54:50 Coinage
54:20 Caravan
56:56 Two-Man Saw
59:47 Banking
白鳳仙子
1:56 Loom
11:05 Feudal Age
12:21 Wheelbarrow
17:05 Castle Age
15:24 Double-Bit Axe
15:22 Horse Collar
16:00 Stone Mining
18:45 Bow Saw
23:23 Pikeman
26:17 Gold Mining
27:53 Scale Mail Armor
28:01 Heavy Plow
31:57 Imperial Age
29:16 Town Watch
29:54 Fletching
30:05 Padded Archer Armor
31:13 Hand Cart
31:11 Forging
31:07 Squires
31:41 Bodkin Arrow
33:03 Conscription
32:40 Halberdier
35:04 Chemistry
36:46 Chain Mail Armor
37:08 Iron Casting
36:49 Leather Archer Armor
36:23 Elite Longbowman
40:01 Blast Furnace
40:35 Bracer
42:53 Yeomen
49:50 Two-Man Saw
49:22 Ring Archer Armor
49:23 Plate Mail Armor
51:28 Warwolf
56:14 Ballistics
56:05 Fortified Wall
56:04 Siege Engineers
70:18 Guilds
@156W21758K
10:47 Feudal Age
15:51 Castle Age
13:56 Horse Collar
20:32 Loom
22:40 Pikeman
33:37 Imperial Age
35:45 Chemistry
36:24 Halberdier
47:46 Squires
54:52 Conscription
Guty
0:29 Loom
10:33 Feudal Age
11:54 Wheelbarrow
11:07 Double-Bit Axe
17:17 Castle Age
15:25 Stone Mining
15:57 Gold Mining
18:25 Hand Cart
18:23 Bow Saw
30:34 Imperial Age
28:25 Town Watch
29:06 Ballistics
28:55 Scale Barding Armor
29:01 Forging
28:54 Husbandry
29:32 Fletching
30:06 Pikeman
30:46 Squires
30:32 Arson
30:33 Gambesons
31:30 Iron Casting
31:16 Chain Barding Armor
31:00 Scale Mail Armor
31:42 Conscription
32:06 Gold Shaft Mining
33:21 Chemistry
32:06 Halberdier
34:06 Blast Furnace
34:51 Chain Mail Armor
34:27 Cavalier
36:50 Masonry
36:31 Paladin
37:58 Caravan
38:48 Chivalry
44:47 Plate Barding Armor
44:43 Plate Mail Armor
44:08 Bodkin Arrow
44:14 Padded Archer Armor
44:34 Light Cavalry
51:28 Elite Skirmisher
53:19 Leather Archer Armor
55:25 Hoardings
55:39 Onager
67:07 Murder Holes
67:44 Architecture
Connection lost

Rejoining the realm…

Still unreachable

The connection could not be restored.

Session expired

The server has moved on; the page needs a fresh start.